 Dungeon Crawl Stone Soup version 0.14-a0-1876-g927fc3a (webtiles) character file.

4455 Mitsuki the Cleaver (level 10, -1/91 HPs)
             Began as a Lava Orc Berserker on Jan 15, 2014.
             Was a High Priest of Trog.
             Killed from afar by an ice dragon (49 damage)
             ... with a blast of cold
             ... on Level 1 of the Abyss.
             The game lasted 00:34:52 (7547 turns).

Mitsuki the Cleaver (Lava Orc Berserker)            Turns: 7547, Time: 00:34:52

HP  -1/91        AC 21     Str 22      XL: 10   Next:  4%
MP  10/10        EV  6     Int  3      God: Trog [*****.]
Gold 419         SH  0     Dex  9 (10) Spells:  0 memorised,  9 levels left

rFire  + . .     SeeInvis .     a - +0,+1 orc hand axe
rCold  . . .     Clarity  .     o - +0 orc plate armour
rNeg   . . .     Conserve .     (no shield)
rPois  .         rCorr    .     e - +0 helmet
rElec  .         rRot     .     (no cloak)
SustAb . .       Spirit   .     (no gloves)
rMut   .         Warding  .     (no boots)
Saprov + . .     Stasis   .     (no amulet)
MR     +....                    (no ring)
                                d - +1 ring of protection

@: exhausted, slowed, very slow, somewhat resistant to hostile enchantments,
extremely unstealthy
A: camouflage 1, breathe flames 1, conserve scrolls, dopey 2, magic resistance
1, saprovore 1, weak 1
a: Burn Spellbooks, Berserk, Trog's Hand, Brothers in Arms, Renounce Religion,
Breathe Fire


You were on level 1 of the Abyss.
You worshipped Trog.
Trog was extremely pleased with you.
You were hungry.

You visited 1 branch of the dungeon, and saw 8 of its levels.
You visited the Abyss 1 time.

You collected 419 gold pieces.

Inventory:

Hand weapons
 a - a +0,+1 orcish hand axe (weapon)
Armour
 e - a +0 helmet (worn)
 o - a +0 orcish plate armour (worn)
Magical devices
 p - a wand of slowing (12)
 r - a wand of teleportation (4)
Comestibles
 c - 6 meat rations
 i - a choko
 m - 5 bread rations
Scrolls
 b - 2 scrolls of identify
 f - 6 scrolls of teleportation
Jewellery
 d - a +1 ring of protection (left hand)
 h - an uncursed amulet of warding
Potions
 j - a potion of porridge
 l - 2 potions of might
 s - a potion of curing


   Skills:
 + Level 9.3 Fighting
 + Level 11.8 Axes
 + Level 9.2 Armour
 - Level 1.5 Dodging
 + Level 0.4 Evocations


You had 9 spell levels left.
You didn't know any spells.

Dungeon Overview and Level Annotations

Branches:
Dungeon (8/16)             Temple (0/1) D:4
   Lair: D:8-11

Altars:
Ashenzari
Fedhas
Zin

Shops:
D:4 :   D:5 }


Innate Abilities, Weirdness & Mutations

You have stony skin.
Your flesh is heat resistant.
Your flesh is vulnerable to cold.
Your heat harms attackers.
You bathe your surroundings in blazing heat.
You are too hot to use scrolls.
You are very good at protecting items from fire.
You can tolerate rotten meat.
Your skin changes colour to match your surroundings (Stlth).
You can breathe flames.
You are very dopey. (Int -4)
You are resistant to hostile enchantments.
You are weak. (Str -2)


Message History

The ice dragon breathes frost at you. The blast of cold hits you!
Drink which item? (? for menu, Esc to quit)
You feel much better. The ice dragon bites you!
The ice dragon claws you but does no damage.
The ice dragon tramples you but does no damage.
The ice dragon barely misses you. The ice dragon claws you!
The ice dragon tramples you but does no damage.
Evoke which item? (* to show all) (? for menu, Esc to quit)
Okay, then.
Evoke which item? (* to show all) (? for menu, Esc to quit)
Zapping:
r - a wand of teleportation {zapped: 1}
Press: ? - help, Shift-Dir - straight line, f - you
Okay, then.
You closely miss the ice dragon.
The ice dragon is lightly wounded.
The ice dragon breathes frost at you. The blast of cold hits you!
Ouch! That really hurt!
You die...

# ... .# #.
... #. . ##
.# #. #......
. #.# # ###..
.. ......##
#.## ###.. #
.. ..# #..# #
. .. . ....
#.....#.@# .
#.. ... . .
#.D.###
#).#.. .#
#.####....#
.. .#..
#....... ###
## #.#.
#...#...#...#
. #.#.###.##.
. #..#
#..#... ..
.## ##.#. ..
. #ยง..#..#


You could see an ice dragon.

Vanquished Creatures
  A hill giant (Abyss:1)
  Grinder (D:5)
  The ghost of mopl the Poker, an average DsFi (D:5)
  The ghost of Zuul the Skirmisher, an average DsSk (D:3)
  A hungry ghost (D:8)
  A hippogriff (D:7)
  2 phantoms
  A necrophage (D:6)
  4 ice beasts
  An orc warrior (D:6)
  2 centaurs
  3 giant frogs
  An eye of draining (D:8)
  5 killer bees (D:8)
  4 wights (D:6)
  7 crimson imps
  A quasit (D:8)
  A hound (D:5)
  3 orc priests
  4 orc wizards
  6 worker ants
  A gnoll shaman (D:8)
  2 iguanas
  2 scorpions
  Ijyb (D:3)
  3 gnolls (D:8)
  A giant centipede (D:8)
  13 adders
  4 worms
  A scorpion zombie (D:5)
  A giant eyeball (D:7)
  3 giant geckos
  An ooze (D:5)
  25 orcs
  9 giant cockroaches
  11 goblins
  18 hobgoblins
  13 kobolds
  4 quokkas
  3 ball pythons
  13 bats
  5 giant newts
  2 giant newt skeletons (D:4)
  A gnoll skeleton (D:7)
  A hobgoblin skeleton (D:8)
  11 jackals
  An orc skeleton (D:4)
  A quokka skeleton (D:5)
  A quokka zombie (D:7)
  13 rats
216 creatures vanquished.

Notes
Turn   | Place    | Note
--------------------------------------------------------------
     0 | D:1      | Mitsuki, the Lava Orc Berserker, began the quest for the Orb.
     0 | D:1      | Reached XP level 1. HP: 19/19 MP: 1/1
   110 | D:1      | Reached skill level 4 in Axes
   200 | D:1      | Reached XP level 2. HP: 18/27 MP: 2/2
   738 | D:1      | Acquired Trog's second power
  1001 | D:2      | Reached XP level 3. HP: 22/33 MP: 3/3
  1264 | D:2      | Found a shattered altar of Ashenzari.
  1269 | D:2      | Saw a vision of the Shoals and the Snake Pit.
  1269 | D:2      | Noticed a naga mage
  1269 | D:2      | Noticed a black mamba
  1269 | D:2      | Noticed a sea snake
  1269 | D:2      | Noticed a naga mage
  1269 | D:2      | Noticed a naga
  1269 | D:2      | Noticed a merfolk
  1269 | D:2      | Noticed a merfolk
  1269 | D:2      | Noticed a naga
  1270 | D:2      | Noticed a mermaid
  1272 | D:2      | Noticed a merfolk
  1620 | D:3      | Reached XP level 4. HP: 21/41 MP: 4/4
  1783 | D:3      | Reached skill level 5 in Axes
  1947 | D:3      | Reached skill level 5 in Fighting
  2054 | D:3      | Reached XP level 5. HP: 48/48 MP: 5/5
  2137 | D:3      | Noticed Ijyb
  2154 | D:3      | Killed Ijyb
  2557 | D:3      | Noticed Zuul's ghost (average DsSk)
  2578 | D:3      | Killed Zuul's ghost
  2578 | D:3      | Reached skill level 6 in Axes
  2578 | D:3      | Reached XP level 6. HP: 4/57 MP: 6/6
  2915 | D:4      | Found Prits' Book Boutique.
  2948 | D:4      | Acquired Trog's third power
  3383 | D:4      | Found a staircase to the Ecumenical Temple.
  3602 | D:4      | Reached XP level 7. HP: 63/63 MP: 7/7
  3604 | D:4      | Reached skill level 5 in Armour
  3680 | D:5      | Entered Level 5 of the Dungeon
  3825 | D:5      | Found Luam Uwa's Gadget Shoppe.
  3876 | D:5      | Noticed Grinder
  3889 | D:5      | Paralysed by Grinder for 7 turns
  3894 | D:5      | Killed Grinder
  3894 | D:5      | Reached skill level 7 in Axes
  4191 | D:5      | Gained mutation: Your skin changes colour to match your surroundings (Stlth). [potion of mutation]
  4191 | D:5      | Gained mutation: You are resistant to hostile enchantments. [potion of mutation]
  4191 | D:5      | Gained mutation: You are dopey. (Int -2) [potion of mutation]
  4192 | D:5      | Gained mutation: You are weak. (Str -2) [potion of mutation]
  4192 | D:5      | Gained mutation: You are very dopey. (Int -4) [potion of mutation]
  4192 | D:5      | Gained mutation: You can breathe flames. [potion of mutation]
  4321 | D:5      | Noticed mopl's ghost (average DsFi)
  4371 | D:5      | Killed mopl's ghost
  4371 | D:5      | Reached skill level 8 in Axes
  4371 | D:5      | Reached XP level 8. HP: 28/73 MP: 8/8
  4856 | D:6      | Found a glowing silver altar of Zin.
  5489 | D:6      | Reached skill level 9 in Axes
  5809 | D:6      | Reached XP level 9. HP: 68/81 MP: 9/9
  5894 | D:6      | Reached skill level 10 in Axes
  6227 | D:7      | Found a blossoming altar of Fedhas.
  6402 | D:7      | Paralysed by a giant eyeball for 3 turns
  6815 | D:8      | Reached skill level 11 in Axes
  6923 | D:8      | Got a pair of twisted boots
  6926 | D:8      | Identified the cursed +2 pair of boots of Tenacity {Acc-4 Dam+5} (You found it on level 8 of the Dungeon)
  7447 | D:8      | Cast into the Abyss (orc warrior)
  7466 | Abyss:1  | Noticed a thrashing horror
  7498 | Abyss:1  | Noticed a hill giant
  7516 | Abyss:1  | Killed a hill giant
  7516 | Abyss:1  | Reached XP level 10. HP: 77/91 MP: 10/10
  7541 | Abyss:1  | Noticed an ice dragon
  7547 | Abyss:1  | Killed from afar by an ice dragon

Action                   |  1- 3 |  4- 6 |  7- 9 | 10-12 || total
-------------------------+-------+-------+-------+-------++-------
Melee: Hand axe          |   154 |   235 |   573 |     5 ||   967
Invok: Berserk           |       |     2 |     1 |       ||     3
       Trog's Hand       |       |     1 |     1 |       ||     2
 Abil: Breathe Fire      |       |       |     1 |       ||     1
Evoke: Wand              |     1 |     1 |       |       ||     2
  Use: Scroll            |     7 |     1 |    11 |       ||    19
       Potion            |     5 |       |     9 |     1 ||    15
